 Dungeon Crawl Stone Soup version 0.30.0-13-g156ef70053 (webtiles) character file.

Game seed: 6808776620072934042

79 Persephone the Cudgeller (level 4, -3/28 HPs)
             Began as a Gargoyle Berserker on May 17, 2023.
             Was a Follower of Trog.
             Slain by a gnoll
             ... wielding a +0 spear
              (4 damage)
             ... on level 2 of the Dungeon.
             The game lasted 00:02:53 (1481 turns).

Persephone the Cudgeller (Gargoyle Berserker)       Turns: 1481, Time: 00:02:53

Health: -3/28      AC:  6    Str: 22    XL:     4   Next: 37%
Magic:  4/4        EV: 11    Int:  8    God:    Trog [*.....]
Gold:   82         SH:  0    Dex:  9    Spells: 3/3 levels left

rFire   . . .        i - +0 flail
rCold   . . .        (no shield)
rNeg    + . .        d - +0 leather armour
rPois   ∞            (no helmet)
rElec   +            (no cloak)
rCorr   .            (no gloves)
SInv    .            (no boots)
Will    .....        (no amulet)
Stlth   +            (no ring)
HPRegen 0.24/turn    (no ring)
MPRegen 0.09/turn

%: no passive effects
@: on berserk cooldown, slowed, very slow
A: sickness immunity, AC +3, negative energy resistance 1, electricity
resistance, torment resistance 1, petrification resistance
a: Renounce Religion, Berserk


You were on level 2 of the Dungeon.
You worshipped Trog.
Trog was aware of your devotion.
You visited 1 branch of the dungeon, and saw 2 of its levels.

You collected 82 gold pieces.

Inventory:

Hand Weapons
 i - a +0 flail (weapon)
Armour
 d - a +0 leather armour (worn)
Jewellery
 k - a ring of positive energy
Scrolls
 a - a scroll of silence {unknown}
 b - 7 scrolls of identify {unknown}
 e - a scroll of fog {unknown}
 f - a scroll of enchant armour {unknown}
 g - a scroll of acquirement {unknown}
 j - a scroll of amnesia {unknown}
Potions
 c - a potion of curing {unknown}
 h - a potion of mutation {unknown}


   Skills:
 - Level 3.2 Fighting
 + Level 5.0 Maces & Flails
 - Level 2.1 Armour
 - Level 1.5 Dodging


You had 3 spell levels left.
You didn't know any spells.
Your spell library was empty.

Dungeon Overview and Level Annotations

Branches:
Dungeon (2/15)

Altars:


Innate Abilities, Weirdness & Mutations

You are immune to sickness and miasma.
Your stone body is resilient. (AC +3)
You are immune to poison.
You resist negative energy. (rN+)
You are resistant to electric shocks. (rElec)
You are resistant to unholy torment.
You are immune to petrification.


Message History

You shred the net and break free!
A gnoll comes into view. It is wielding a +0 spear.
A gnoll comes into view. It is wielding a +0 spear.
The gnoll shouts!
The gnoll closely misses you.
A rat comes into view.
The gnoll misses you.
The gnoll throws a throwing net.
The throwing net barely misses you. The gnoll misses you.
A red film seems to cover your vision as you go berserk!
You feel yourself moving faster!
You feel mighty! The gnoll misses you. The gnoll hits you with a +0 flail!
The gnoll throws a throwing net.
The throwing net hits you.
You become entangled in the net!
The gnoll hits you from afar with a +0 spear.
You struggle against the net.
You feel a strong urge to attack something.
The gnoll barely misses you. The gnoll hits you but does no damage.
The gnoll hits you from afar with a +0 spear.
You struggle against the net.
You rip the net and break free!
You feel your anger nearly subside. The gnoll hits you with a +0 whip.
The gnoll barely misses you. x2
The gnoll hits you from afar with a +0 spear.
You barely miss the gnoll. The gnoll hits you with a +0 whip.
The gnoll hits you with a +0 flail. The gnoll closely misses you.
The gnoll barely misses you.
You sock the gnoll!
You kill the gnoll!
Trog accepts your kill.
Your Maces & Flails skill increases to level 5!
You are no longer berserk.
You are exhausted.
You feel yourself slow down. The gnoll hits you but does no damage.
The gnoll hits you from afar with a +0 spear. x2
* * * LOW HITPOINT WARNING * * *
You see here a +0 flail.
The rat attacks as you move away! The rat bites you but does no damage.
The gnoll hits you with a +0 whip.
* * * LOW HITPOINT WARNING * * *
The gnoll hits you from afar with a +0 spear.
You die...

##.#......###################.#..
##.#.............. .......)).<)..
##.#.########################)#..
##.#......#####......... #.#..
##.#.####.<.(..........# #.#..
...#.####.###........# #.#..
#..#.##...........g..#.# #.#..
................rgg..... #.#..
................@#####.# .....
.....##.#.###.##.####
#....##.#............
.....##.####.....####
#....##.#........#
#.#..##.#.##.....#
#.#..##..........#
#.#..##.#.###<...#
.................#


You could see 3 gnolls and a rat.

Vanquished Creatures
  Robin (D:2)
  A gnoll (D:2)
  An adder (D:2)
  2 worms (D:2)
  2 dart slugs (D:1)
  2 ball pythons
  2 bats (D:1)
  4 endoplasms (D:2)
  A giant cockroach (D:2)
  9 goblins
  A hobgoblin (D:1)
  2 jackals (D:1)
  2 kobolds (D:1)
  2 quokkas (D:1)
  2 frilled lizards
  2 rats (D:1)
36 creatures vanquished.

Vanquished Creatures (others)
  A bat (D:2)
1 creature vanquished.

Grand Total: 37 creatures vanquished

Notes
Turn   | Place    | Note
-------+----------+-------------------------------------------
     0 | D:1      | Persephone the Gargoyle Berserker began the quest for the
                  | Orb.
     0 | D:1      | Reached XP level 1. HP: 14/14 MP: 1/1
   250 | D:1      | Reached XP level 2. HP: 19/19 MP: 2/2
   599 | D:1      | Reached skill level 4 in Maces & Flails
   763 | D:2      | Noticed Robin
   771 | D:2      | Reached XP level 3. HP: 10/23 MP: 3/3
   862 | D:2      | Killed Robin
  1019 | D:2      | Reached XP level 4. HP: 28/28 MP: 4/4
  1480 | D:2      | Reached skill level 5 in Maces & Flails
  1481 | D:2      | HP: 1/28 [gnoll/+0 whip (6)]
  1481 | D:2      | Slain by a gnoll

Illustrated notes

Levels and vault maps discovered:
D:1:      lightli_arrival_flooded_house, layout_loops_ring
D:2:      layout_basic, uniq_robin

Skill      XL: |  1  2  3  4 |
---------------+-------------+-----
Maces & Flails | 4 5 |  5.0
Fighting       | |  3.2
Armour         | |  2.1
Dodging        | |  1.5

Action                     |  1- 3 |  4- 6 || total
---------------------------+-------+-------++-------
  Melee: Mace              |    61 |       ||    61
         Flail             |    49 |    20 ||    69
         Punch             |       |     1 ||     1
 Invoke: Berserk           |     2 |     1 ||     3
 Armour: Leather armour    |    56 |     7 ||    63
         Animal skin       |     5 |       ||     5
  Dodge: Dodged            |    90 |    16 ||   106
